 Dungeon Crawl Stone Soup version 0.19.1 (webtiles) character file.

59 Monsterracer the Firebug (level 3, -3/19 HPs)
             Began as a Deep Elf Fire Elementalist on Nov 27, 2016.
             Was an Initiate of Sif Muna.
             Slain by an iguana (12 damage)
             ... on level 3 of the Dungeon.
             The game lasted 00:04:24 (1822 turns).

Monsterracer the Firebug (DEFE)                     Turns: 1822, Time: 00:04:24

Health: -3/19      AC:  2    Str:  5    XL:     3   Next: 78%
Magic:  7/10       EV: 13    Int: 20    God:    Sif Muna [......]
Gold:   51         SH:  0    Dex: 15    Spells: 2 memorised, 5 levels left

rFire  . . .     SeeInvis .     (no weapon)
rCold  . . .     Gourm    .     a - +0 robe
rNeg   . . .     Faith    .     (no shield)
rPois  .         Spirit   .     (no helmet)
rElec  .         Reflect  .     (no cloak)
rCorr  .         Harm     .     (no gloves)
MR     .....                    (no boots)
Stlth  ++........               (no amulet)
                                (no ring)
                                (no ring)

@: no status effects
A: no striking features
a: Renounce Religion


You were on level 3 of the Dungeon.
You worshipped Sif Muna.
Sif Muna was noncommittal.
You were not hungry.

You visited 2 branches of the dungeon, and saw 5 of its levels.

You collected 51 gold pieces.

Inventory:

Armour
 a - a +0 robe (worn)
Scrolls
 d - 3 scrolls of remove curse {unknown}
 e - a scroll of enchant armour {unknown}
 f - a scroll of enchant weapon {unknown}
 g - a scroll of random uselessness {unknown}
 h - a scroll of teleportation {unknown}
 i - a scroll of amnesia {unknown}
 j - 3 scrolls of magic mapping {unknown}
 l - 2 scrolls of fog {unknown}
Books
 b - a book of Flames

   Spells                             Type                      Level
   a - Flame Tongue                   Conjuration/Fire             1
   b - Throw Flame                    Conjuration/Fire             2
   c - Conjure Flame                  Conjuration/Fire             3
   d - Inner Flame                    Hexes/Fire                   3
   e - Sticky Flame                   Conjuration/Fire             4
   f - Fireball                       Conjuration/Fire             5
Comestibles
 c - 3 bread rations
 k - a meat ration


   Skills:
 - Level 2.4 Dodging
 - Level 2.4 Stealth
 + Level 3.5 Spellcasting
 * Level 2.3 Conjurations
 * Level 4.4 Fire Magic


You had 5 spell levels left.
You knew the following spells:

 Your Spells              Type           Power        Failure   Level  Hunger
a - Flame Tongue          Conj/Fire      ###..        3%          1    None
b - Conjure Flame         Conj/Fire      ###.....     12%         3    ###....


Dungeon Overview and Level Annotations

Branches:
Dungeon (4/15)             Temple (1/1) D:4

Altars:
Ashenzari
Elyvilon
Fedhas
Hepliaklqana
Kikubaaqudgha
Makhleb
Nemelex Xobeh
Okawaru
Ru
Sif Muna
Xom
Yredelemnul
Zin


Message History

The flame tongue hits the iguana.
The iguana is moderately wounded.
The iguana bites you!
Ouch! That really hurt!
Casting: Flame Tongue
Confirm with . or Enter, or press ? or * to list all spells.
Aiming: Flame Tongue
Press: ? - help, Shift-Dir - straight line, f/p - iguana
Aim: an iguana (moderately wounded)
The flame tongue misses the iguana.
The iguana barely misses you.
Casting: Flame Tongue
Confirm with . or Enter, or press ? or * to list all spells.
Aiming: Flame Tongue
Press: ? - help, Shift-Dir - straight line, f/p - iguana
Aim: an iguana (moderately wounded)
The flame tongue hits the iguana.
The iguana is almost dead.
The iguana bites you!
Ouch! That really hurt!
You die...

.. #..# #.#
..#.# ..
..#.##
#.#.....
%[##..#.#.##
.........
#..l.#
#..@.#
#..>.#
#.#### #. #


You could see an iguana.

Vanquished Creatures
  An adder (D:4)
  An ooze (D:1)
  A worm (D:2)
  2 dart slugs (D:1)
  4 giant cockroaches
  4 goblins
  7 hobgoblins
  3 jackals (D:1)
  4 bats (D:1)
  5 frilled lizards
  A kobold (D:1)
  5 rats
38 creatures vanquished.

Notes
Turn   | Place    | Note
-------+----------+-------------------------------------------
     0 | D:1      | Monsterracer the Deep Elf Fire Elementalist began the quest for the Orb.
     0 | D:1      | Reached XP level 1. HP: 10/10 MP: 6/6
   190 | D:1      | Reached XP level 2. HP: 8/15 MP: 0/8
   601 | D:1      | Reached skill level 4 in Fire Magic
   620 | D:1      | Reached XP level 3. HP: 3/19 MP: 0/9
   703 | D:1      | Learned a level 3 spell: Conjure Flame
  1488 | D:2      | You fall through a shaft for 2 floors!
  1492 | D:4      | Found an iron altar of Okawaru.
  1639 | D:4      | Found a staircase to the Ecumenical Temple.
  1644 | Temple   | Entered the Ecumenical Temple
  1761 | Temple   | Became a worshipper of Sif Muna the Loreminder
  1822 | D:3      | Slain by an iguana

Skill      XL: |  1  2  3 |
---------------+----------+-----
Fire Magic     | 4 |  4.4
Conjurations   | 2 |  2.3
Dodging        | |  2.4
Stealth        | |  2.4
Spellcasting   | |  3.5

Action                   || total
-------------------------++-------
Melee: Unarmed           ||    17
 Cast: Flame Tongue      ||    68
  Use: Potion            ||     2
  Eat: Chunk             ||     3
Armor: Robe              ||     5
Dodge: Dodged            ||    27
